 Dungeon Crawl Stone Soup version 0.20.1-1-g8b1a95d (webtiles) character file.

17131 Irenicus the Brawler (level 12, 0/105 HPs)
             Began as a Troll Chaos Knight on Oct 10, 2017.
             Slain by a red ugly thing (18 damage)
             ... on level 12 of the Dungeon.
             The game lasted 00:27:15 (8935 turns).

Irenicus the Brawler (Troll Chaos Knight)           Turns: 8935, Time: 00:27:15

Health: 0/105      AC: 10    Str: 20 (23) XL:     12   Next: 16%
Magic:  12/12      EV: 16    Int: 10 (11) God:    Xom [.....*]
Gold:   729        SH:  0    Dex: 16 (18) Spells: 10/11 levels left

rFire    . . .     SeeInvis +     - Unarmed
rCold    . . .     Gourm    +   (no shield)
rNeg     + . .     Faith    .   O - +0 acid dragon scales
rPois    .         Spirit   .   (helmet restricted)
rElec    +         Reflect  .   (no cloak)
rCorr    +         Harm     .   (gloves unavailable)
MR       .....     Clarity  +   (boots unavailable)
Stlth    ++........             (no amulet)
Regen    1.5/turn               q - +3 ring of intelligence
MPRegen  0.2/turn               J - ring of positive energy

@: agile
A: unfitting armour, claws 3, see invisible, clarity, fast metabolism 3,
gourmand, regeneration 3, shaggy fur 1, electricity resistance, tough skin 2,
wild magic 1, evolution 1
a: Renounce Religion


You were on level 12 of the Dungeon.
You worshipped Xom.
You were Xom's teddy bear.
You were not hungry.

You visited 1 branch of the dungeon, and saw 12 of its levels.
You visited the Abyss 2 times.
You also visited: Sewer.

You collected 729 gold pieces.

Inventory:

Armour
 a - a +2 robe
 O - +0 acid dragon scales (worn)
Magical Staves
 E - an uncursed staff of power
Jewellery
 d - an uncursed ring of fire
 q - a +3 ring of intelligence (left claw)
 J - a ring of positive energy (right claw)
Wands
 I - a wand of random effects (27/48)
 K - a wand of polymorph (7/24)
 R - a wand of lightning (10/15)
Scrolls
 c - 9 scrolls of teleportation
 e - 5 scrolls of fog {unknown}
 f - 2 scrolls of blinking {unknown}
 g - 9 scrolls of remove curse
 h - 11 scrolls of identify
 i - 2 scrolls of amnesia {unknown}
 n - 2 scrolls of immolation {unknown}
 r - a scroll of noise {unknown}
 u - 2 scrolls of enchant weapon {unknown}
 x - 2 scrolls of magic mapping {unknown}
 y - 3 scrolls of random uselessness {unknown}
 B - a scroll of enchant armour {unknown}
 D - 2 scrolls of recharging {unknown}
 H - a scroll of silence {unknown}
 P - a scroll of fear {unknown}
Potions
 j - 6 potions of curing
 l - a potion of berserk rage
 o - 2 potions of mutation
 p - a potion of cancellation {unknown}
 s - 2 potions of haste {unknown}
 t - 2 potions of heal wounds
 v - 2 potions of might {unknown}
 A - 2 potions of flight {unknown}
Books
 w - a book of Minor Magic

   Spells                             Type                      Level
   a - Magic Dart                     Conjuration                  1
   b - Blink                          Translocation                2
   c - Call Imp                       Summoning                    2
   d - Slow                           Hexes                        2
   e - Conjure Flame                  Conjuration/Fire             3
   f - Mephitic Cloud                 Conjuration/Poison/Air       3
 F - a book of Misfortune

   Spells                             Type                      Level
   a - Confusing Touch                Hexes                        1
   b - Confuse                        Hexes                        3
   c - Gell's Gravitas                Translocation                3
   d - Petrify                        Transmutation/Earth          4
   e - Metabolic Englaciation         Hexes/Ice                    5
   f - Yara's Violent Unravelling     Hexes/Transmutation          5
 G - a book of Cantrips

   Spells                             Type                      Level
   a - Confusing Touch                Hexes                        1
   b - Animate Skeleton               Necromancy                   1
   c - Summon Small Mammal            Summoning                    1
   d - Apportation                    Translocation                1
 L - a book of Geomancy

   Spells                             Type                      Level
   a - Sandblast                      Earth                        1
   b - Passwall                       Transmutation/Earth          2
   c - Stone Arrow                    Conjuration/Earth            3
   d - Petrify                        Transmutation/Earth          4
   e - Lee's Rapid Deconstruction     Earth                        5
 M - a book of Conjurations

   Spells                             Type                      Level
   a - Magic Dart                     Conjuration                  1
   b - Searing Ray                    Conjuration                  2
   c - Dazzling Spray                 Conjuration/Hexes            3
   d - Fulminant Prism                Conjuration/Hexes            4
   e - Force Lance                    Conjuration/Translocation    4
   f - Iskenderun's Mystic Blast      Conjuration                  4
 N - a book of Death

   Spells                             Type                      Level
   a - Corpse Rot                     Necromancy                   2
   b - Sublimation of Blood           Necromancy                   2
   c - Agony                          Necromancy                   5
   d - Dispel Undead                  Necromancy                   5
   e - Excruciating Wounds            Charms/Necromancy            5
   f - Bolt of Draining               Conjuration/Necromancy       5
Miscellaneous
 Q - a lamp of fire
Comestibles
 b - 9 bread rations
 k - 7 meat rations
 z - 8 royal jellies
 C - 27 fruits


   Skills:
 - Level 3.4 Fighting
 + Level 4.4 Armour
 - Level 4.2 Dodging
 - Level 16.3 Unarmed Combat
 - Level 5.2 Hexes
 + Level 2.6 Evocations


You had 10 spell levels left.
You knew the following spells:

 Your Spells              Type           Power        Failure   Level  Hunger
a - Confusing Touch       Hex            ##....       10%         1    ##.....


Dungeon Overview and Level Annotations

Branches:
Dungeon (12/15)            Temple (0/1) D:6            Lair (0/6) D:11
    Orc (0/2) D:10

Altars:
Fedhas
Kikubaaqudgha
Sif Muna


Innate Abilities, Weirdness & Mutations

You are too large for most types of armour.
You have claws for hands.
Your metabolism is lightning-fast.
You like to eat raw meat.
You regenerate.
You are covered in fur. (AC +1)
You have very tough skin. (AC +2)
You have supernaturally acute eyesight. (SInv)
You possess an exceptional clarity of mind.
You are resistant to electric shocks. (rElec)
Your spells are a little harder to cast, but a little more powerful.
You evolve.


Message History

You barely miss the red ugly thing.
The red ugly thing is heavily wounded.
The red ugly thing kicks you!
You are engulfed in flames!!
You scratch the red ugly thing.
The red ugly thing is severely wounded.
Evoke which item? (* to show all) (? for menu, Esc to quit)
Okay, then.
You closely miss the red ugly thing.
The red ugly thing is severely wounded.
The red ugly thing kicks you!
You are engulfed in flames!
* * * LOW HITPOINT WARNING * * *
You feel agile all of a sudden. The red ugly thing kicks you.
* * * LOW HITPOINT WARNING * * *
You are engulfed in flames!!
* * * LOW HITPOINT WARNING * * *
You feel much better. The red ugly thing kicks you.
* * * LOW HITPOINT WARNING * * *
You are engulfed in flames!!
You die...

##.# ###.# #.. #...#
######'## #.....# #
#.##### #######'##
###'###### #........#
##.......######.....$..+
.#.......+...##........#
.'.......###..'.@u.....#
##.......# ####........#
##'###### #####'#### #.#
# #.# ##.#######
#........# ##........#
#######+# ##........#
#.....>..


You could see a red ugly thing.

Vanquished Creatures
  A ghost crab (Abyss:1)
  Josephine (D:11)
  Erolcha (D:11)
  A centaur warrior (D:8)
  A two-headed ogre (D:10)
  Nergalle (D:10)
  Urug (D:10)
  An unseen horror (D:9)
  The ghost of matthes123 the Spear-Bearer, a novice MfGl (D:6)
  An ugly thing (D:12)
  A deep elf mage (D:12)
  A cyclops (D:11)
  A manticore (D:11)
  Joseph (D:8)
  Psyche (D:8)
  The ghost of matthes123 the Spear-Bearer, an amateur MfGl of Yredelemnul (D:4)
  2 hippogriffs
  A meliai zombie (D:11)
  3 flying skulls (Abyss:1)
  A shadow (D:12)
  A ynoxinul (Abyss:1)
  4 wraiths (D:11)
  A large abomination (Abyss:1)
  4 hogs (D:7)
  A human (D:7)
  3 yaks (D:10)
  2 wyverns
  2 wandering mushrooms (D:10)
  2 basilisks
  An acid dragon (D:11)
  2 orc warriors
  2 ice beasts
  A black bear (D:6)
  A hornet zombie (D:11)
  5 necrophages
  3 sky beasts
  An ogre (D:6)
  2 phantoms
  10 centaurs
  10 bullfrogs
  A big kobold (D:8)
  3 wyvern zombies
  2 scorpions (D:8)
  8 killer bees
  3 howler monkeys
  2 bullfrog zombies
  5 crimson imps
  A gnoll shaman (D:8)
  3 jellies
  2 centaur zombies
  9 hounds
  4 orc priests
  7 orc wizards
  5 centaur skeletons
  3 bullfrog skeletons
  7 worker ants
  2 iguanas (D:8)
  A killer bee zombie (D:5)
  2 hound zombies
  2 hound skeletons (D:8)
  A worker ant zombie (D:6)
  8 gnolls
  A howler monkey skeleton (D:7)
  9 adders
  2 shadow imps
  An ooze (D:4)
  An adder zombie (D:8)
  4 adder skeletons
  4 worms
  12 leopard geckos
  29 orcs
  2 ball pythons
  4 bats
  10 giant cockroaches
  11 hobgoblins
  17 jackals
  4 quokkas
  11 frilled lizards
  6 goblins
  13 kobolds
  2 quokka skeletons (D:8)
  A quokka zombie (D:8)
  3 rats
  A bush (D:11)
310 creatures vanquished.

Vanquished Creatures (collateral kills)
  An orc priest (D:6)
  A worker ant (D:6)
  An adder (D:8)
  2 orcs (D:6)
5 creatures vanquished.

Vanquished Creatures (others)
  7 plants (D:11)
7 creatures vanquished.

Grand Total: 322 creatures vanquished

Notes
Turn   | Place    | Note
-------+----------+-------------------------------------------
     0 | D:1      | Irenicus the Troll Chaos Knight began the quest for the Orb.
     0 | D:1      | Reached XP level 1. HP: 22/22 MP: 0/0
    33 | D:1      | Reached XP level 2. HP: 24/29 MP: 1/1
   199 | D:1      | XOM: harmless Necr miscast
   237 | D:1      | XOM: harmless Erth miscast
   274 | D:1      | XOM: cloud trail
   312 | D:1      | XOM: divination: magic mapping
   323 | D:1      | XOM: silly message
   436 | D:1      | Reached skill level 4 in Unarmed Combat
   459 | D:1      | XOM: divination: detect items
   612 | D:2      | Reached XP level 3. HP: 36/36 MP: 2/2
   665 | D:2      | XOM is BORED!
   665 | D:2      | XOM: harmless Ice miscast
   717 | D:2      | XOM: potion effect (heal wounds)
   858 | D:2      | Reached XP level 4. HP: 41/44 MP: 3/3
   868 | D:2      | Reached skill level 5 in Unarmed Combat
  1599 | D:3      | Found a glowing drain.
  1614 | Sewer    | Entered a sewer
  1625 | Sewer    | XOM: smoke on damage
  1788 | Sewer    | Noticed a bullfrog
  1801 | Sewer    | Reached skill level 12 in Unarmed Combat
  1801 | Sewer    | Reached XP level 5. HP: 17/50 MP: 4/4
  1802 | Sewer    | Reached XP level 6. HP: 17/59 MP: 5/5
  2324 | D:4      | XOM: divination: detect items
  2371 | D:4      | Noticed matthes123's ghost (amateur MfGl)
  2391 | D:5      | Entered Level 5 of the Dungeon
  2400 | D:5      | Reached XP level 7. HP: 30/66 MP: 6/6
  2409 | D:5      | XOM: noise
  2419 | D:5      | XOM: harmless Tmut miscast
  2632 | D:5      | XOM: harmless Necr miscast
  2779 | D:4      | Killed matthes123's ghost
  2779 | D:4      | Reached skill level 13 in Unarmed Combat
  2779 | D:4      | Reached XP level 8. HP: 64/74 MP: 7/7
  3556 | D:6      | Found a staircase to the Ecumenical Temple.
  3599 | D:6      | Noticed matthes123's ghost (novice MfGl)
  3605 | D:6      | XOM: fog
  3613 | D:6      | Killed matthes123's ghost
  3613 | D:6      | Reached skill level 14 in Unarmed Combat
  3620 | D:6      | XOM: summons 4 friendly demons
  3717 | D:6      | Reached XP level 9. HP: 54/80 MP: 8/8
  3720 | D:6      | XOM: divination: detect items
  3774 | D:6      | XOM: fog
  4161 | D:6      | XOM: 1-stop teleportation journey
  4410 | D:7      | XOM: enchant monster (good)
  4642 | D:7      | XOM: 3-stop teleportation journey
  4878 | D:7      | XOM: destruction
  4885 | D:7      | XOM: cast spell 'Monstrous Menagerie'
  5178 | D:7      | Gained mutation: You are resistant to electric shocks. (rElec) [mutagenic meat]
  5179 | D:7      | Gained mutation: You possess an exceptional clarity of mind. [mutagenic meat]
  5180 | D:7      | Gained mutation: Your magical capacity is low. (-10% MP) [mutagenic meat]
  5181 | D:7      | Gained mutation: You heal very quickly. [mutagenic meat]
  5182 | D:7      | Lost mutation: You possess an exceptional clarity of mind. [mutagenic meat]
  5182 | D:7      | XOM: polymorph water moccasin -> basilisk
  5183 | D:7      | Gained mutation: You regenerate. [mutagenic meat]
  5239 | D:7      | XOM: give mutations
  5239 | D:7      | Gained mutation: You are clumsy. (Dex -2) [Xom's mischief]
  5239 | D:7      | Gained mutation: Armour fits poorly on your strangely shaped body. [Xom's mischief]
  5239 | D:7      | Lost mutation: Armour fits poorly on your strangely shaped body. [Xom's mischief]
  5239 | D:7      | Gained mutation: Scrolls take you a little longer to read. [Xom's mischief]
  5243 | D:7      | XOM: mild Fire miscast
  5281 | D:8      | Reached skill level 15 in Unarmed Combat
  5291 | D:8      | Noticed Psyche
  5298 | D:8      | Cast into level 1 of the Abyss (Psyche)
  5595 | Abyss:1  | Noticed a starcursed mass
  5616 | Abyss:1  | Reached XP level 10. HP: 77/88 MP: 8/8
  5621 | Abyss:1  | Noticed a glowing orange brain
  5631 | Abyss:1  | XOM: give mutation
  5631 | Abyss:1  | Lost mutation: Your magical capacity is low. (-10% MP) [Xom's mischief]
  5648 | Abyss:1  | Noticed a large abomination
  5651 | Abyss:1  | Noticed a ghost crab
  5651 | Abyss:1  | a large abomination changed into a ghost crab
  5651 | Abyss:1  | XOM: polymorph large abomination -> ghost crab
  5652 | Abyss:1  | Noticed a spectral frost giant
  5654 | Abyss:1  | XOM: confuse monster(s)
  5656 | Abyss:1  | XOM: destruction
  5664 | Abyss:1  | Killed a ghost crab
  5668 | D:8      | Escaped the Abyss
  5683 | D:8      | XOM: fog
  5684 | D:8      | XOM: summons 2 friendly demons
  5703 | D:8      | Noticed Joseph
  5716 | D:8      | Killed Joseph
  5716 | D:8      | XOM: enchant monster (good)
  5729 | D:8      | Killed Psyche
  5762 | D:8      | Noticed a centaur warrior
  5763 | D:8      | XOM: potion effect (agility)
  5770 | D:8      | Killed a centaur warrior
  5770 | D:8      | Reached skill level 16 in Unarmed Combat
  5773 | D:8      | XOM: god gift: knobbly runed staff {god gift}
  5774 | D:8      | XOM: summons friendly quasit
  5846 | D:8      | XOM: 1-stop teleportation journey
  5892 | D:8      | Learned a level 1 spell: Confusing Touch
  5992 | D:8      | Found a deep blue altar of Sif Muna.
  6083 | D:8      | XOM: noise
  6121 | D:8      | XOM: cloud trail
  6154 | D:8      | XOM: harmless Air miscast
  6168 | D:8      | XOM: harmless Chrm miscast
  6210 | D:8      | Reached skill level 1 in Hexes
  6249 | D:8      | XOM: divination: magic mapping
  6613 | D:9      | Reached XP level 11. HP: 75/97 MP: 10/10
  6615 | D:9      | XOM: harmless Fire miscast
  6733 | D:9      | XOM: divination: detect creatures
  6744 | D:9      | Killed an unseen horror
  6830 | D:9      | You fall through a shaft!
  6830 | D:10     | Entered Level 10 of the Dungeon
  6876 | D:10     | Noticed Nergalle
  6884 | D:10     | Killed Nergalle
  6905 | D:10     | XOM: confuse monster(s)
  6918 | D:10     | Noticed a two-headed ogre
  6927 | D:10     | Killed a two-headed ogre
  6937 | D:10     | Noticed Urug
  6945 | D:10     | XOM: cast spell 'Leda's Liquefaction'
  6953 | D:10     | Killed Urug
  6954 | D:10     | Found an ancient bone altar of Kikubaaqudgha.
  7096 | D:10     | Found a staircase to the Orcish Mines.
  7231 | D:10     | XOM: enchant monster (bad)
  7233 | D:10     | XOM: enchant monster (good)
  7249 | D:10     | XOM: medium Conj miscast
  7254 | D:10     | XOM: god gift: encrusted bone wand {god gift}
  7407 | D:10     | XOM: scenery: 2 doors close
  7581 | D:10     | Found a blossoming altar of Fedhas.
  7584 | D:10     | Noticed an oklob plant
  7584 | D:10     | Noticed an oklob plant
  7585 | D:10     | an oklob plant changed into a wandering mushroom
  7587 | D:10     | an oklob plant changed into a wandering mushroom
  7769 | D:11     | Noticed Erolcha
  7775 | D:11     | XOM: fog
  7782 | D:11     | Cast into level 2 of the Abyss (Erolcha)
  7804 | D:11     | Escaped the Abyss
  7808 | D:11     | Killed Erolcha
  7808 | D:11     | Reached skill level 5 in Hexes
  7832 | D:11     | Found a staircase to the Lair.
  7852 | D:11     | XOM: torment (54/95 hp)
  7866 | D:11     | XOM: cast spell 'Summon Ice Beast'
  8116 | D:11     | XOM: potion effect (curing)
  8132 | D:11     | Reached skill level 1 in Evocations
  8267 | D:11     | Gained mutation: You are dopey. (Int -2) [mutagenic meat]
  8268 | D:11     | Gained mutation: You tend to lose your temper in combat. [mutagenic meat]
  8269 | D:11     | Lost mutation: Scrolls take you a little longer to read. [mutagenic meat]
  8270 | D:11     | Gained mutation: Your muscles are strong. (Str +2) [mutagenic meat]
  8317 | D:11     | Reached skill level 1 in Armour
  8328 | D:11     | Found a blossoming altar of Fedhas.
  8402 | D:11     | Noticed Josephine
  8418 | D:11     | Killed Josephine
  8418 | D:11     | Reached XP level 12. HP: 102/102 MP: 12/12
  8454 | D:11     | XOM: summons 2 friendly demons
  8765 | D:11     | Lost mutation: You are clumsy. (Dex -2) [potion of mutation]
  8765 | D:11     | Lost mutation: Your muscles are strong. (Str +2) [potion of mutation]
  8765 | D:11     | Lost mutation: You are dopey. (Int -2) [potion of mutation]
  8765 | D:11     | Lost mutation: You tend to lose your temper in combat. [potion of mutation]
  8765 | D:11     | Gained mutation: You possess an exceptional clarity of mind. [potion of mutation]
  8846 | D:12     | XOM: god gift: lumpy puce potion {god gift}
  8882 | D:12     | XOM: give mutations
  8882 | D:12     | Gained mutation: Your spells are a little harder to cast, but a little more powerful. [Xom's grace]
  8882 | D:12     | Gained mutation: You evolve. [Xom's grace]
  8882 | D:12     | Gained mutation: You have supernaturally acute eyesight. (SInv) [Xom's grace]
  8924 | D:12     | XOM: scenery: 2 doors open, 1 doors close
  8934 | D:12     | HP: 4/102 [red ugly thing (19)]
  8935 | D:12     | Slain by a red ugly thing

Skill      XL: |  1  2  3  4  5  6  7  8  9 10 11 12 |
---------------+-------------------------------------+-----
Unarmed Combat | 4 12 13 14 15 16 | 16.3
Dodging        | 2 4 |  4.2
Fighting       | 3 |  3.4
Hexes          | 1 5 |  5.2
Evocations     | 2 |  2.6
Armour         | 3 4 |  4.4

Action                   |  1- 3 |  4- 6 |  7- 9 | 10-12 || total
-------------------------+-------+-------+-------+-------++-------
Melee: Unarmed           |    83 |   127 |   276 |   400 ||   886
       Punch             |     2 |     3 |    13 |    23 ||    41
 Cast: Confusing Touch   |       |       |       |    10 ||    10
Evoke: Wand              |       |       |       |     7 ||     7
  Use: Potion            |       |     1 |     1 |     8 ||    10
       Scroll            |       |       |     3 |     2 ||     5
 Stab: Sleeping          |       |       |     1 |       ||     1
       Confused          |       |       |       |     7 ||     7
       Betrayed ally     |       |       |       |     1 ||     1
  Eat: Chunk             |     8 |    11 |    35 |    33 ||    87
       Bread ration      |       |       |     1 |       ||     1
Armor: Robe              |    35 |    46 |    64 |    87 ||   232
       Acid dragon scale |       |       |       |    29 ||    29
Dodge: Dodged            |    33 |    72 |    91 |   191 ||   387
